[Event "ICC tourney 2918 (30 10)"]
[Site "Internet Chess Club"]
[Date "2022.05.21"]
[Round "1"]
[White "REDDY, SATVIK:chesslead"]
[Black "POWER, SEAN K:KnightHopper"]
[Result "1-0"]
[ICCResult "Black resigns"]
[WhiteElo "2133"]
[BlackElo "1901"]
[Opening "Sicilian: dragon, Yugoslav attack, Rauser variation"]
[ECO "B76"]
[NIC "SI.17"]
[Time "12:02:05"]
[PlyCount "55"]
[TimeControl "1800+10"]

1. e4 c5 2. Nf3 d6 3. d4 cxd4 4. Nxd4 Nf6 5. Nc3 g6 6. Be3 Bg7 7. f3 Nc6 8.
Qd2 O-O 9. O-O-O d5 10. Qe1 e5 11. Nxc6 bxc6 12. exd5 Nxd5 13. Bc4 Be6 14.
Ne4 Qc7 15. Bc5 Rfd8 16. g4 Nf4 17. Bxe6 fxe6 18. Qe3 Rd5 19. c4 Rxd1+ 20.
Rxd1 Qa5 21. Qa3 Ne2+ 22. Kb1 Qxa3 23. Bxa3 Nd4 24. Rd3 Bf8 25. Nf6+ Kg7 26.
Nd7 Bxa3 27. bxa3 Rb8+ 28. Nxb8 {Black resigns} 1-0

[Event "ICC tourney 2918 (30 10)"]
[Site "Internet Chess Club"]
[Date "2022.05.21"]
[Round "1"]
[White "LIU, ERIC CHANG:el008"]
[Black "MAMMADOV, ZAUR:zaur94"]
[Result "0-1"]
[ICCResult "White resigns"]
[WhiteElo "2059"]
[BlackElo "2571"]
[Opening "Caro-Kann: Tartakower (Nimzovich) variation"]
[ECO "B15"]
[NIC "CK.06"]
[Time "12:01:13"]
[PlyCount "88"]
[TimeControl "1800+10"]

1. e4 c6 2. d4 d5 3. Nc3 dxe4 4. Nxe4 Nf6 5. Nxf6+ exf6 6. c3 Bd6 7. Bd3 O-O
8. Qc2 Re8+ 9. Ne2 h5 10. O-O Qc7 11. h3 h4 12. Be3 Be6 13. Rad1 Nd7 14. c4
Nf8 15. c5 Bh2+ 16. Kh1 Bd5 17. Qd2 b6 18. f4 Bg3 19. Nxg3 hxg3 20. b4 a5
21. b5 Ng6 22. Bxg6 fxg6 23. cxb6 Qxb6 24. Qe1 Qxb5 25. Qxg3 Bxa2 26. Rfe1
Qf5 27. Rc1 Bd5 28. Kh2 a4 29. Bd2 a3 30. Rxe8+ Rxe8 31. Re1 Rxe1 32. Qxe1
a2 33. Qg1 Qc2 34. Qe1 Qxd2 35. Qxd2 a1=Q 36. Qd3 f5 37. Qe3 Qb2 38. Qg3 Kf7
39. h4 Qxd4 40. Qg5 Qf2 41. h5 Qxg2+ 42. Qxg2 Bxg2 43. hxg6+ Kxg6 44. Kxg2
Kh5 {White resigns} 0-1

[Event "ICC tourney 2918 (30 10)"]
[Site "Internet Chess Club"]
[Date "2022.05.21"]
[Round "1"]
[White "DENG, HENRY:SuperPuzzler"]
[Black "GUSEINOV, GADIR:GGuseinov"]
[Result "0-1"]
[ICCResult "White checkmated"]
[WhiteElo "2086"]
[BlackElo "2718"]
[Opening "Sicilian: accelerated fianchetto, modern variation with Bc4"]
[ECO "B35"]
[NIC "SI.44"]
[Time "12:01:11"]
[PlyCount "122"]
[TimeControl "1800+10"]

1. e4 c5 2. Nc3 Nc6 3. Nge2 g6 4. d4 cxd4 5. Nxd4 Bg7 6. Be3 Nf6 7. Bc4 O-O
8. Bb3 d5 9. Bxd5 Ng4 10. Nxc6 bxc6 11. Bxc6 Nxe3 12. fxe3 Rb8 13. Qxd8 Rxd8
14. Nd1 Bxb2 15. Nxb2 Rxb2 16. Ba4 Rb4 17. Bb3 Rxe4 18. O-O Bf5 19. Rae1 a5
20. a4 Rc8 21. Kf2 Rc3 22. h3 Bd7 23. Kg1 e6 24. Rd1 Rc7 25. Rd4 Rxe3 26.
Rfd1 Bc8 27. Kf2 Re5 28. g4 Kg7 29. R1d2 h5 30. Rf4 hxg4 31. hxg4 Bb7 32.
Rd8 Be4 33. Rd2 g5 34. Rxe4 Rxe4 35. Kf3 Rf4+ 36. Kg3 Rc3+ 37. Rd3 Rxd3+ 38.
cxd3 Kf6 39. Bc4 Ke5 40. Bb5 Kd4 41. Bc4 Kc5 42. Bb5 Kb4 43. Bc6 Rd4 44. Bb5
Kc3 45. Kf3 Rxd3+ 46. Bxd3 Kxd3 47. Kf2 Ke4 48. Kg3 f5 49. gxf5 exf5 50. Kg2
f4 51. Kf2 g4 52. Kg2 Ke3 53. Kg1 f3 54. Kf1 g3 55. Kg1 Ke2 56. Kh1 f2 57.
Kg2 f1=Q+ 58. Kxg3 Qf5 59. Kh4 Qg6 60. Kh3 Kf3 61. Kh2 Qg2# {White
checkmated} 0-1

[Event "ICC tourney 2918 (30 10)"]
[Site "Internet Chess Club"]
[Date "2022.05.21"]
[Round "1"]
[White "WU, WILLIAM:chessw23"]
[Black "CHEN, RYO WENYU:e4f5"]
[Result "0-1"]
[ICCResult "White resigns"]
[WhiteElo "1959"]
[BlackElo "2284"]
[Opening "Sicilian: closed"]
[ECO "B23"]
[NIC "SI.44"]
[Time "12:01:40"]
[PlyCount "60"]
[TimeControl "1800+10"]

1. e4 c5 2. Nc3 d6 3. d4 cxd4 4. Qxd4 Nc6 5. Qd2 g6 6. b3 Bh6 7. f4 e5 8.
Nb5 Bxf4 9. Qxd6 Qxd6 10. Nxd6+ Kf8 11. Bxf4 exf4 12. Bc4 Ne5 13. Bd5 Ke7
14. O-O-O Nf6 15. Nxc8+ Raxc8 16. Bxb7 Rc7 17. Bd5 Nfg4 18. Nh3 g5 19. c4 f6
20. Rd2 a5 21. Ng1 Nf2 22. Nh3 Nxh1 23. Rd1 Ng3 24. hxg3 fxg3 25. Ng1 h5 26.
Ne2 h4 27. Nd4 Rd7 28. Nf5+ Kd8 29. c5 Kc7 30. Rh1 Nd3+ {White resigns} 0-1

[Event "ICC tourney 2918 (30 10)"]
[Site "Internet Chess Club"]
[Date "2022.05.21"]
[Round "1"]
[White "HU, ALEXANDER C:ahu1015"]
[Black "Nguyen, Hoa Duc:leoman"]
[Result "0-1"]
[ICCResult "White resigns"]
[WhiteElo "2018"]
[BlackElo "2492"]
[Opening "Sicilian: Taimanov (Bastrikov) variation"]
[ECO "B47"]
[NIC "SI.40"]
[Time "12:02:04"]
[PlyCount "58"]
[TimeControl "1800+10"]

1. e4 c5 2. Nf3 e6 3. d4 cxd4 4. Nxd4 Nc6 5. Nc3 Qc7 6. f4 a6 7. Nxc6 bxc6
8. Bd3 d5 9. O-O Nf6 10. Qe2 Be7 11. b3 O-O 12. Bb2 a5 13. Rae1 Ba6 14. e5
Bxd3 15. cxd3 Nd7 16. f5 exf5 17. Rxf5 Bc5+ 18. Kh1 Rae8 19. d4 Bb4 20. Qg4
Re6 21. Rxf7 Kxf7 22. Rf1+ Nf6 23. Ne2 Qe7 24. a3 Kg8 25. exf6 Rxe2 26. h3
Rxf6 27. Rxf6 Re1+ 28. Kh2 Bd6+ 29. Rf4 g5 {White resigns} 0-1

[Event "ICC tourney 2918 (30 10)"]
[Site "Internet Chess Club"]
[Date "2022.05.21"]
[Round "1"]
[White "Volkov, Sergey:Volkov"]
[Black "QUIRKE, JEFFREY L:PawnEatingZombi"]
[Result "1/2-1/2"]
[ICCResult "Game drawn by repetition"]
[WhiteElo "2560"]
[BlackElo "2029"]
[Opening "QGD: exchange, positional line, 5...c6"]
[ECO "D35"]
[NIC "QO.16"]
[Time "12:01:15"]
[PlyCount "123"]
[TimeControl "1800+10"]

1. d4 d5 2. c4 e6 3. Nc3 Nf6 4. cxd5 exd5 5. Bg5 c6 6. e3 Be6 7. Bd3 Nbd7 8.
Nge2 h6 9. Bf4 g5 10. Bg3 Nh5 11. Qc2 Nxg3 12. hxg3 Qf6 13. f3 O-O-O 14. g4
Kb8 15. O-O-O Nb6 16. Kb1 Rc8 17. Bf5 Nc4 18. Qd3 Qd8 19. Ka1 Qb6 20. b3 Nd6
21. Na4 Qb5 22. Bxe6 Qxd3 23. Rxd3 fxe6 24. Nc5 Re8 25. Nd7+ Kc7 26. Nxf8
Rexf8 27. Ng3 Rf6 28. Rdd1 Re8 29. Rh3 e5 30. Rdh1 exd4 31. exd4 Nf7 32. Nf5
Re2 33. Nxh6 Nxh6 34. Rxh6 Rf4 35. R6h2 Rxd4 36. g3 Rdd2 37. Rxe2 Rxe2 38.
Rh7+ Kb6 39. f4 Rg2 40. fxg5 Rxg3 41. Rh4 Re3 42. g6 Re8 43. Kb2 Kc5 44. Kc3
a5 45. g7 Rg8 46. Rh7 Kd6 47. Kd4 Ke6 48. Kc5 Kf6 49. Rh6+ Kg5 50. Rd6 Rxg7
51. Kb6 a4 52. bxa4 Kf4 53. a5 Ke3 54. Re6+ Kf3 55. g5 d4 56. g6 d3 57. Rd6
Ke2 58. Re6+ Kf2 59. Rd6 Ke2 60. Re6+ Kf2 61. Rd6 Ke2 62. Re6+
{Game drawn by repetition}
1/2-1/2

[Event "ICC tourney 2918 (30 10)"]
[Site "Internet Chess Club"]
[Date "2022.05.21"]
[Round "1"]
[White "GU, CRYSTAL JIUZHOU:fantasymoon"]
[Black "YAN, RUIYANG:jy2020"]
[Result "0-1"]
[ICCResult "White checkmated"]
[WhiteElo "1918"]
[BlackElo "2178"]
[Opening "Catalan: closed, 5.Nf3"]
[ECO "E06"]
[NIC "CA.04"]
[Time "12:01:14"]
[PlyCount "78"]
[TimeControl "1800+10"]

1. d4 Nf6 2. c4 e6 3. Nf3 d5 4. g3 Be7 5. Bg2 O-O 6. Qc2 c6 7. O-O b6 8.
Nbd2 Bb7 9. b3 Na6 10. Bb2 Rc8 11. Rfd1 c5 12. Rac1 Nb4 13. Qb1 dxc4 14.
bxc4 cxd4 15. Nxd4 Bxg2 16. Kxg2 Qc7 17. N2f3 Nc6 18. Nb5 Qb8 19. Ng5 e5 20.
Ne4 Rfd8 21. Nxf6+ Bxf6 22. Rxd8+ Nxd8 23. Qf5 Ne6 24. f4 a6 25. fxe5 Rc5
26. Qf3 Ng5 27. Qf1 Bxe5 28. Bxe5 Qxe5 29. Rd1 g6 30. Nd4 Qe4+ 31. Nf3 Nxf3
32. exf3 Qc2+ 33. Kg1 Qxa2 34. Rd8+ Kg7 35. Qd1 Qxc4 36. Qd6 Qc1+ 37. Kg2
Rc2+ 38. Kh3 Qh6+ 39. Kg4 f5# {White checkmated} 0-1

[Event "ICC tourney 2918 (30 10)"]
[Site "Internet Chess Club"]
[Date "2022.05.21"]
[Round "1"]
[White "ARUTLA, ADITYA:adiaru27"]
[Black "SINGH, HERSH:pyaru536"]
[Result "0-1"]
[ICCResult "White checkmated"]
[WhiteElo "1748"]
[BlackElo "2106"]
[Opening "Two knights defense (Modern bishop's opening)"]
[ECO "C55"]
[NIC "IG.01"]
[Time "12:01:11"]
[PlyCount "110"]
[TimeControl "1800+10"]

1. e4 e5 2. Nf3 Nc6 3. Bc4 Nf6 4. d3 h6 5. c3 d6 6. a4 g6 7. a5 Bg7 8. Qb3
O-O 9. h3 a6 10. Be3 Nd7 11. g4 Nc5 12. Qc2 Ne6 13. Nbd2 Kh8 14. Rg1 Nf4 15.
Bxf4 exf4 16. d4 f5 17. exf5 gxf5 18. g5 Qe8+ 19. Kf1 Qh5 20. h4 Bd7 21. Be2
Qf7 22. gxh6 Bxh6 23. Ng5 Qf6 24. Bc4 Rae8 25. Qb3 Nd8 26. Ndf3 Bc6 27. h5
Re7 28. Nh4 Be8 29. Ng6+ Bxg6 30. hxg6 Bxg5 31. Qd1 Qxg6 32. Qf3 Rh7 33. Qg2
Rg7 34. Re1 Qf6 35. Rh1+ Bh6 36. Qh2 Rh7 37. Be2 Nf7 38. Bf3 Ng5 39. Bxb7
Bg7 40. Qg1 Rh6 41. Bxa6 Nf3 42. Rxh6+ Qxh6 43. Qg2 Nxe1 44. Kxe1 Re8+ 45.
Kd1 Qh5+ 46. f3 Qh4 47. Be2 c5 48. a6 cxd4 49. a7 Ra8 50. Qg6 Rxa7 51. Qe8+
Kh7 52. Bd3 Ra1+ 53. Kc2 Ra5 54. b4 Qh2+ 55. Kb3 Qa2# {White checkmated} 0-1

[Event "ICC tourney 2918 (30 10)"]
[Site "Internet Chess Club"]
[Date "2022.05.21"]
[Round "1"]
[White "CHEN, JUSTIN:justinchess"]
[Black "NATHAN, NITISH SG:K06-15494283"]
[Result "1-0"]
[ICCResult "Black checkmated"]
[WhiteElo "2310"]
[BlackElo "1971"]
[Opening "English: Caro-Kann defensive system"]
[ECO "A11"]
[NIC "EO.64"]
[Time "12:01:21"]
[PlyCount "143"]
[TimeControl "1800+10"]

1. c4 c6 2. Nf3 Nf6 3. Nc3 d5 4. e3 g6 5. d4 Bg7 6. Be2 O-O 7. O-O b6 8. b3
Bb7 9. Bb2 Nbd7 10. Qc2 e6 11. Rad1 Rc8 12. e4 dxe4 13. Nxe4 Nxe4 14. Qxe4
Nf6 15. Qh4 Nd7 16. Qe4 Nf6 17. Qe3 Qe7 18. Rfe1 Rfd8 19. Bf1 Qf8 20. Ne5
Nd7 21. Nf3 Nf6 22. Be2 Nd7 23. Qe4 Qe7 24. Bc1 h6 25. Bd3 Ba8 26. Bf4 Qf8
27. Qe3 c5 28. dxc5 Nxc5 29. Be2 Ne4 30. Be5 f6 31. Bg3 e5 32. Bd3 Nxg3 33.
Bxg6 f5 34. hxg3 Qf6 35. Bh5 Bxf3 36. Qxf3 e4 37. Qf4 Qg5 38. Qxg5 hxg5 39.
Bg6 Bc3 40. Rf1 Rf8 41. Rd7 Rc6 42. Bh7+ Kh8 43. g4 fxg4 44. Bxe4 Rcf6 45.
g3 R6f7 46. Rd5 Re7 47. Bf5 Re2 48. Kg2 Rxa2 49. Bxg4 Be1 50. Rh1+ Kg7 51.
Rxg5+ Kf6 52. Rf5+ Kg7 53. Rxf8 Kxf8 54. Rxe1 Rb2 55. Re3 a5 56. Be6 Ra2 57.
g4 a4 58. bxa4 Rxa4 59. Kg3 Ra5 60. f4 Rc5 61. g5 b5 62. cxb5 Rxb5 63. Kg4
Kg7 64. Re5 Rb8 65. Bd5 Rb1 66. Kf5 Rb8 67. Re7+ Kh8 68. Be4 Rf8+ 69. Kg4
Rb8 70. f5 Rb6 71. f6 Rb4 72. Re8# {Black checkmated} 1-0

[Event "ICC tourney 2918 (30 10)"]
[Site "Internet Chess Club"]
[Date "2022.05.21"]
[Round "1"]
[White "SHEEHAN, ETHAN THOMAS:Chessking2008"]
[Black "TANG, DYLAN:ruitang"]
[Result "1-0"]
[ICCResult "Black resigns"]
[WhiteElo "2276"]
[BlackElo "1944"]
[Opening "QGD: 4.Bg5 Be7, 5.e3 O-O"]
[ECO "D53"]
[NIC "QO.13"]
[Time "12:02:04"]
[PlyCount "129"]
[TimeControl "1800+10"]

1. c4 Nf6 2. Nc3 e6 3. d4 d5 4. Bg5 Be7 5. e3 O-O 6. cxd5 exd5 7. Bd3 Nbd7
8. Qc2 Re8 9. Nge2 Nf8 10. O-O c6 11. Rab1 a5 12. a3 g6 13. b4 axb4 14. axb4
Ne6 15. Bh4 Ng7 16. b5 Bf5 17. bxc6 bxc6 18. Bxf5 Nxf5 19. Bxf6 Bxf6 20. Na4
Rc8 21. Rfc1 Ne7 22. Nf4 Bg5 23. Nd3 Qd6 24. Nac5 Nf5 25. Re1 Kg7 26. g3 Bd8
27. Nb7 Qc7 28. Nxd8 Rexd8 29. Rec1 Nd6 30. Ne5 Ne4 31. Qxc6 Qa7 32. Qb5
Rxc1+ 33. Rxc1 Qa2 34. Rf1 Ra8 35. Qb7 Ra7 36. Qb1 Qd2 37. Qb3 Qa2 38. Qxa2
Rxa2 39. h4 h5 40. Nd3 Nd2 41. Rd1 Ne4 42. Kf1 Kf6 43. Kg2 Kf5 44. Rf1 Rd2
45. Nf4 Nc3 46. Kf3 f6 47. Re1 Rc2 48. Nxd5 Nxd5 49. e4+ Ke6 50. exd5+ Kxd5
51. Rd1 Rc3+ 52. Ke2 Rc2+ 53. Ke3 Rc3+ 54. Rd3 Rc2 55. Ra3 f5 56. Ra5+ Ke6
57. Ra6+ Kf7 58. f3 Rc3+ 59. Kf4 Rd3 60. Rd6 Rd1 61. d5 Rd2 62. Kg5 Rg2 63.
Rf6+ Ke7 64. d6+ Kd7 65. Kf4 {Black resigns} 1-0

[Event "ICC tourney 2918 (30 10)"]
[Site "Internet Chess Club"]
[Date "2022.05.21"]
[Round "1"]
[White "CHIANG, JACOB:Cobysters"]
[Black "Shlyakhtenko, Robert:Robert0905"]
[Result "1-0"]
[ICCResult "Black resigns"]
[WhiteElo "1972"]
[BlackElo "2417"]
[Opening "QGD semi-Slav: Meran variation"]
[ECO "D47"]
[NIC "SL.09"]
[Time "12:01:16"]
[PlyCount "125"]
[TimeControl "1800+10"]

1. d4 d5 2. c4 c6 3. Nf3 Nf6 4. Nc3 e6 5. e3 Nbd7 6. Bd3 dxc4 7. Bxc4 b5 8.
Bb3 b4 9. Na4 Ba6 10. Qc2 Qa5 11. Bd2 Rc8 12. a3 c5 13. dxc5 Bxc5 14. Rc1
O-O 15. Nxc5 Rxc5 16. axb4 Qb5 17. Bc3 Rc7 18. Nd4 Qb7 19. f3 Ne5 20. Rd1
Bc4 21. Kf2 Nfg4+ 22. fxg4 Nxg4+ 23. Kg3 Nxe3 24. Qf2 Bxb3 25. Qxe3 Bxd1 26.
Rxd1 Rd7 27. Kf2 Rd5 28. Re1 Qd7 29. Nb3 e5 30. Nc5 Qf5+ 31. Qf3 Qxf3+ 32.
Kxf3 f6 33. Ke4 Rd6 34. Ra1 Rf7 35. b5 g6 36. Ra6 Rd1 37. Rc6 Kg7 38. Ne6+
Kh6 39. g4 Rh1 40. Bd2+ g5 41. Nxg5 Rd7 42. Rxf6+ Kg7 43. Rf2 Kg6 44. Ne6
Rb7 45. g5 Kh5 46. Rf6 Kg4 47. Rh6 Rb6 48. Bc3 a6 49. bxa6 Rxa6 50. Kxe5 Rf1
51. h3+ Kg3 52. Rxh7 Rf3 53. Nd4 Re3+ 54. Kf5 Ra8 55. g6 Rf8+ 56. Rf7 Rg8
57. Kf6 Kxh3 58. Nf5 Rf3 59. g7 Kg4 60. Kg6 Kh3 61. Nh6 Rg3+ 62. Kh7 Rb8 63.
Be5 {Black resigns} 1-0

[Event "ICC tourney 2918 (30 10)"]
[Site "Internet Chess Club"]
[Date "2022.05.21"]
[Round "2"]
[White "Nguyen, Hoa Duc:leoman"]
[Black "SU, KENNETH:hpawnbomb"]
[Result "1-0"]
[ICCResult "Black resigns"]
[WhiteElo "2492"]
[BlackElo "2072"]
[Opening "Scotch: Schmidt variation"]
[ECO "C45"]
[NIC "SO.04"]
[Time "14:00:27"]
[PlyCount "53"]
[TimeControl "1800+10"]

1. e4 Nc6 2. Nf3 e5 3. d4 exd4 4. Nxd4 Nf6 5. Nxc6 bxc6 6. Qe2 g6 7. e5 Nd5
8. c4 Ba6 9. Qe4 Nb6 10. Nc3 Qe7 11. c5 Bxf1 12. cxb6 Ba6 13. bxc7 Bg7 14.
Bf4 O-O 15. O-O-O f5 16. Qa4 g5 17. Bxg5 Qxg5+ 18. f4 Qh6 19. Rd6 Qxd6 20.
exd6 Bd3 21. Rd1 Bxc3 22. Qb3+ Rf7 23. Rxd3 Bf6 24. Rg3+ Bg7 25. Re3 Bf6 26.
Rg3+ Bg7 27. Rg5 {Black resigns} 1-0

[Event "ICC tourney 2918 (30 10)"]
[Site "Internet Chess Club"]
[Date "2022.05.21"]
[Round "2"]
[White "Tanenbaum, Zachary:MasterZachary"]
[Black "PINALES, GABRIEL A:Pina07"]
[Result "1-0"]
[ICCResult "Black resigns"]
[WhiteElo "2215"]
[BlackElo "2100"]
[Opening "Robatsch (modern) defense"]
[ECO "B06"]
[NIC "KF.05"]
[Time "14:19:11"]
[PlyCount "41"]
[TimeControl "1800+10"]

1. e4 g6 2. d4 Bg7 3. Nc3 d6 4. Bg5 a6 5. Nf3 b5 6. Bd3 Bb7 7. Qe2 Nd7 8.
O-O-O h6 9. Bh4 Rc8 10. Rhe1 c5 11. dxc5 Nxc5 12. e5 Bxf3 13. Qxf3 Bxe5 14.
Rxe5 dxe5 15. Bxb5+ axb5 16. Rxd8+ Rxd8 17. Qc6+ Nd7 18. Nxb5 Nf6 19. Bxf6
exf6 20. Qd6 Rc8 21. Na7 {Black resigns} 1-0

[Event "ICC tourney 2918 (30 10)"]
[Site "Internet Chess Club"]
[Date "2022.05.21"]
[Round "2"]
[White "GUSEINOV, GADIR:GGuseinov"]
[Black "SHEEHAN, ETHAN THOMAS:Chessking2008"]
[Result "1-0"]
[ICCResult "Black resigns"]
[WhiteElo "2718"]
[BlackElo "2276"]
[Opening "Ruy Lopez: four knights (Tarrasch) variation"]
[ECO "C77"]
[NIC "RL.12"]
[Time "14:01:12"]
[PlyCount "111"]
[TimeControl "1800+10"]

1. e4 e5 2. Nf3 Nc6 3. Bb5 a6 4. Ba4 Nf6 5. Nc3 b5 6. Bb3 Bc5 7. d3 d6 8. a4
b4 9. Nd5 h6 10. Nxf6+ Qxf6 11. Bd5 Bd7 12. Be3 Rb8 13. Bxc5 dxc5 14. Bxc6
Bxc6 15. Nd2 Bd7 16. Qe2 Qg5 17. O-O Bh3 18. f3 O-O 19. Nb3 Rb6 20. Kh1 Bc8
21. Nxc5 Rc6 22. Nb3 Be6 23. Na5 Rc5 24. Nc4 Bxc4 25. dxc4 Rd8 26. Rad1 Rc6
27. Rd5 Rcd6 28. f4 Qe7 29. fxe5 Re6 30. Qd3 Rxd5 31. cxd5 Rxe5 32. Qxa6
Rxe4 33. a5 Re1 34. Qc8+ Kh7 35. Qf5+ g6 36. Qf2 Rxf1+ 37. Qxf1 Kg7 38. a6
Qc5 39. Qa1 Qa7 40. b3+ Kg8 41. h3 h5 42. Qf6 h4 43. Qxh4 Qxa6 44. Qd8+ Kg7
45. Qxc7 Qf1+ 46. Kh2 Qf5 47. c4 bxc3 48. Qxc3+ Kh7 49. Qd4 Qd7 50. d6 Kg8
51. b4 Qd8 52. b5 Qd7 53. b6 Qb7 54. d7 Qb8+ 55. Kg1 Qd8 56. b7 {Black
resigns} 1-0

[Event "ICC tourney 2918 (30 10)"]
[Site "Internet Chess Club"]
[Date "2022.05.21"]
[Round "2"]
[White "WU, WILLIAM:chessw23"]
[Black "DENG, HENRY:SuperPuzzler"]
[Result "0-1"]
[ICCResult "White resigns"]
[WhiteElo "1959"]
[BlackElo "2086"]
[Opening "Vienna game"]
[ECO "C28"]
[NIC "IG.04"]
[Time "14:00:18"]
[PlyCount "74"]
[TimeControl "1800+10"]

1. e4 e5 2. Bc4 Nc6 3. Nc3 Nf6 4. d3 Na5 5. Bb3 Bb4 6. Nf3 d6 7. h3 O-O 8.
Bg5 h6 9. Bh4 Nxb3 10. axb3 Re8 11. O-O c6 12. Ne2 a5 13. c3 Bc5 14. d4 exd4
15. cxd4 Bb4 16. Ng3 Qe7 17. e5 dxe5 18. dxe5 g5 19. exf6 Qxf6 20. Bxg5 hxg5
21. Qc2 g4 22. hxg4 Bxg4 23. Nh2 Be6 24. Rfd1 Rad8 25. Nf3 Bd5 26. Nh5 Qe6
27. Ng5 Qh6 28. Nh7 Re6 29. Qf5 Be7 30. Rd3 Qxh7 31. Rg3+ Kh8 32. Qg4 Rg6
33. Qd4+ Kg8 34. Nf6+ Bxf6 35. Qxf6 Re8 36. Qf4 Qg7 37. Rxg6 Qxg6
{White resigns}
0-1

[Event "ICC tourney 2918 (30 10)"]
[Site "Internet Chess Club"]
[Date "2022.05.21"]
[Round "2"]
[White "POWER, SEAN K:KnightHopper"]
[Black "HU, ALEXANDER C:ahu1015"]
[Result "0-1"]
[ICCResult "White resigns"]
[WhiteElo "1901"]
[BlackElo "2018"]
[Opening "Sicilian: Smith-Morra gambit"]
[ECO "B21"]
[NIC "SI.48"]
[Time "14:00:20"]
[PlyCount "98"]
[TimeControl "1800+10"]

1. e4 c5 2. d4 cxd4 3. c3 dxc3 4. Nxc3 Nc6 5. Nf3 d6 6. Bc4 a6 7. O-O Nf6 8.
Qe2 e6 9. Rd1 Qc7 10. Bf4 Be7 11. e5 dxe5 12. Nxe5 Nxe5 13. Bxe5 Qc6 14.
Rac1 O-O 15. Bd3 Qe8 16. g4 Bd7 17. g5 Nd5 18. Nxd5 exd5 19. Bxg7 Kxg7 20.
Qh5 Rh8 21. Qh6+ Kg8 22. Re1 Qf8 23. Rc7 Qxh6 24. gxh6 Bb4 25. Re5 Bc6 26.
Rg5+ Kf8 27. Rg7 Be8 28. Rxb7 Bd2 29. Rg4 Bxh6 30. Rd4 Bg7 31. Rf4 Be5 32.
Rf5 Rg8+ 33. Kf1 Bxh2 34. Rb6 Rb8 35. Rxb8 Bxb8 36. Rxd5 Rg4 37. Bxa6 Ra4
38. Bb5 Ra5 39. a4 Bxb5+ 40. axb5 Ba7 41. Rf5 Ra2 42. b3 Rxf2+ 43. Rxf2 Bxf2
44. Kxf2 Ke7 45. Kf3 Kd6 46. Kf4 Kc5 47. Kf5 Kxb5 48. Kf6 Kb4 49. Kxf7 h5
{White resigns}
0-1

[Event "ICC tourney 2918 (30 10)"]
[Site "Internet Chess Club"]
[Date "2022.05.21"]
[Round "2"]
[White "YAN, RUIYANG:jy2020"]
[Black "CHIANG, JACOB:Cobysters"]
[Result "1-0"]
[ICCResult "Black resigns"]
[WhiteElo "2178"]
[BlackElo "1972"]
[Opening "Sicilian: Richter-Rauzer, Bondarevsky variation"]
[ECO "B60"]
[NIC "SI.27"]
[Time "14:00:17"]
[PlyCount "79"]
[TimeControl "1800+10"]

1. e4 c5 2. Nf3 Nc6 3. d4 cxd4 4. Nxd4 Nf6 5. Nc3 d6 6. Bg5 g6 7. Bxf6 exf6
8. Qd2 Bg7 9. Ndb5 O-O 10. Qxd6 Qa5 11. Qc7 Qb4 12. Qd6 Qa5 13. Qc7 Qb4 14.
O-O-O Be6 15. Qd6 Qa5 16. Qa3 Qb6 17. f3 Ne5 18. Nd5 Bxd5 19. exd5 a6 20.
Nd6 f5 21. Nc4 Nxc4 22. Bxc4 Rac8 23. Bb3 Qf6 24. d6 b5 25. d7 b4 26. dxc8=Q
Rxc8 27. Bxf7+ Kxf7 28. Qb3+ Kf8 29. Qxb4+ Kg8 30. Rhe1 a5 31. Qb7 Qf8 32.
Rd7 Rb8 33. Rxg7+ Kh8 34. Rxh7+ Kg8 35. Rg7+ Kh8 36. Qc7 Rxb2 37. Rh7+ Kg8
38. Qg7+ Qxg7 39. Rxg7+ Kxg7 40. Kxb2 {Black resigns} 1-0

[Event "ICC tourney 2918 (30 10)"]
[Site "Internet Chess Club"]
[Date "2022.05.21"]
[Round "2"]
[White "NATHAN, NITISH SG:K06-15494283"]
[Black "GU, CRYSTAL JIUZHOU:fantasymoon"]
[Result "0-1"]
[ICCResult "White checkmated"]
[WhiteElo "1971"]
[BlackElo "1918"]
[Opening "Queen's pawn, Mason variation"]
[ECO "D00"]
[NIC "QP.08"]
[Time "14:00:24"]
[PlyCount "122"]
[TimeControl "1800+10"]

1. d4 d5 2. Bf4 Nf6 3. e3 g6 4. Nf3 Bg7 5. Nbd2 O-O 6. h3 c6 7. c3 Nbd7 8.
Be2 Re8 9. O-O c5 10. Ne5 Nxe5 11. Bxe5 b6 12. a4 Bd7 13. Ba6 Bc6 14. b4 Qd7
15. dxc5 bxc5 16. bxc5 Bb7 17. Bb5 Bc6 18. Qe2 Rac8 19. Nb3 Ne4 20. Bxg7
Kxg7 21. f3 Ng3 22. Qd2 Bxb5 23. axb5 Nxf1 24. Rxf1 Qxb5 25. Rb1 e6 26. Qd4+
Kg8 27. Qb4 Qd3 28. Re1 Rb8 29. Qd4 Qxd4 30. Nxd4 e5 31. Nc6 Rbc8 32. Nb4
Rxc5 33. e4 dxe4 34. fxe4 a5 35. Nd5 Kg7 36. g4 f5 37. g5 a4 38. Rb1 Rf8 39.
Nf6 Rc7 40. Rb5 Ra7 41. Nd5 a3 42. Rb1 a2 43. Ra1 Rb8 44. Nb4 Rba8 45. exf5
gxf5 46. Kf2 Ra3 47. Ke2 Rb3 48. Kd2 Rb1 49. Nc2 Rxa1 50. Nxa1 Rb8 51. Kc2
Rb1 52. Nb3 Rxb3 53. Kxb3 a1=Q 54. Kc4 e4 55. Kd5 e3 56. Ke6 e2 57. Kxf5
e1=Q 58. Kg4 Qe4+ 59. Kg3 Qxc3+ 60. Kf2 Qec2+ 61. Kf1 Qa1# {White
checkmated} 0-1

[Event "ICC tourney 2918 (30 10)"]
[Site "Internet Chess Club"]
[Date "2022.05.21"]
[Round "2"]
[White "TANG, DYLAN:ruitang"]
[Black "LIU, ERIC CHANG:el008"]
[Result "1-0"]
[ICCResult "Black checkmated"]
[WhiteElo "1944"]
[BlackElo "2059"]
[Opening "Sicilian: Najdorf, Byrne (English) attack"]
[ECO "B90"]
[NIC "SI.14"]
[Time "14:00:40"]
[PlyCount "89"]
[TimeControl "1800+10"]

1. e4 c5 2. Nf3 d6 3. d4 cxd4 4. Nxd4 Nf6 5. Nc3 a6 6. Be3 e5 7. Nb3 Be6 8.
f3 Be7 9. Qd2 O-O 10. O-O-O Nbd7 11. g4 b5 12. Rg1 Nb6 13. Na5 Rc8 14. g5
Nh5 15. Kb1 g6 16. Nd5 Nxd5 17. exd5 Bxd5 18. Qxd5 Qxa5 19. Bd3 Qc7 20. Rg4
Kg7 21. Rh4 f6 22. Rg1 fxg5 23. Rxh5 gxh5 24. Qe4 Kf7 25. Qxh7+ Ke8 26. Bg6+
Kd8 27. Rxg5 Bf6 28. Rxh5 Qg7 29. Be4 Rh8 30. Qf5 Rxh5 31. Qxh5 Ke7 32. Qf5
Re8 33. Bd5 Kf8 34. a4 bxa4 35. Bc6 Rb8 36. Bxa4 Qf7 37. Bb3 Qe7 38. Qg6 Bg7
39. Bg5 Qd7 40. Be6 Qb7 41. b3 a5 42. Qh7 Ke8 43. Qg8+ Bf8 44. Qg6+ Qf7 45.
Qxf7# {Black checkmated} 1-0

[Event "ICC tourney 2918 (30 10)"]
[Site "Internet Chess Club"]
[Date "2022.05.21"]
[Round "2"]
[White "SINGH, HERSH:pyaru536"]
[Black "CHEN, JUSTIN:justinchess"]
[Result "0-1"]
[ICCResult "White resigns"]
[WhiteElo "2106"]
[BlackElo "2310"]
[Opening "QGD: exchange variation"]
[ECO "D35"]
[NIC "TD.08"]
[Time "14:00:33"]
[PlyCount "110"]
[TimeControl "1800+10"]

1. d4 Nf6 2. c4 e6 3. Nc3 d5 4. cxd5 Nxd5 5. e4 Nxc3 6. bxc3 c5 7. Nf3 cxd4
8. cxd4 Bb4+ 9. Bd2 Bxd2+ 10. Qxd2 O-O 11. Bc4 Nd7 12. O-O b6 13. d5 Nc5 14.
Qf4 Bb7 15. Rad1 Qf6 16. Qg4 exd5 17. Bxd5 Bxd5 18. exd5 Rad8 19. Qd4 Rd6
20. Qxf6 Rxf6 21. Rd4 Rd8 22. Rfd1 Rfd6 23. Ne5 f6 24. Nc4 R6d7 25. Ne3 Re8
26. Kf1 Re4 27. g4 Kf7 28. h4 g6 29. Ke2 Rc7 30. Kf3 Rxd4 31. Rxd4 Nb7 32.
Nc4 b5 33. Nd2 Rc3+ 34. Kf4 Nc5 35. h5 Ra3 36. hxg6+ hxg6 37. Nb3 Nxb3 38.
axb3 Rxb3 39. d6 Ke8 40. g5 fxg5+ 41. Kxg5 Rf3 42. d7+ Kd8 43. Rd2 b4 44.
Kxg6 a5 45. Kg5 b3 46. Kg4 Rc3 47. f4 a4 48. f5 a3 49. f6 Rc6 50. Kg5 Rxf6
51. Kxf6 a2 52. Ke6 a1=Q 53. Rg2 Qa6+ 54. Ke5 b2 55. Rxb2 Qa1 {White
resigns} 0-1